 Dungeon Crawl Stone Soup version 0.20.1-1-g8b1a95d (webtiles) character file.

634 JeffiDaFish the Firebug (level 7, -5/36 HPs)
             Began as a Tengu Fire Elementalist on Mar 15, 2018.
             Slain by an ogre
             ... wielding a +0 giant club
              (23 damage)
             ... on level 4 of the Dungeon.
             The game lasted 00:12:44 (4517 turns).

JeffiDaFish the Firebug (Tengu Fire Elementalist)   Turns: 4517, Time: 00:12:44

Health: -5/36      AC:  4    Str:  8    XL:     7   Next: 49%
Magic:  11/15      EV: 12    Int: 18    God:
Gold:   143        SH:  0    Dex: 14    Spells: 2/15 levels left

rFire    . . .     SeeInvis .   o - +1 falchion
rCold    . . .     Gourm    .   (no shield)
rNeg     + . .     Faith    .   a - +0 robe
rPois    .         Spirit   .   (helmet restricted)
rElec    .         Reflect  .   n - +0 cloak
rCorr    .         Harm     .   d - +0 pair of gloves
MR       .....                  (boots unavailable)
Stlth    ++........             (no amulet)
Regen    0.2/turn               e - ring of positive energy
MPRegen  0.2/turn               (no ring)

@: drained
A: beak, talons 3, evolution 1, able to fly 1
a: Fly


You were on level 4 of the Dungeon.
You were not hungry.

You visited 1 branch of the dungeon, and saw 4 of its levels.

You collected 143 gold pieces.

Inventory:

Hand Weapons
 o - a +1 falchion (weapon)
Armour
 a - a +0 robe (worn)
 d - a +0 pair of gloves (worn)
 n - a +0 cloak (worn)
Jewellery
 e - a ring of positive energy (left hand)
Scrolls
 i - 3 scrolls of identify
 j - a scroll of teleportation
 k - 2 scrolls of amnesia
 l - a scroll of blinking
Potions
 h - a potion of flight
 m - a potion of heal wounds
 q - a potion of brilliance
Books
 b - a book of Flames

   Spells                             Type                      Level
   a - Flame Tongue                   Conjuration/Fire             1
   b - Throw Flame                    Conjuration/Fire             2
   c - Conjure Flame                  Conjuration/Fire             3
   d - Inner Flame                    Hexes/Fire                   3
   e - Sticky Flame                   Conjuration/Fire             4
   f - Fireball                       Conjuration/Fire             5
 p - a book of Minor Magic

   Spells                             Type                      Level
   a - Magic Dart                     Conjuration                  1
   b - Blink                          Translocation                2
   c - Call Imp                       Summoning                    2
   d - Slow                           Hexes                        2
   e - Conjure Flame                  Conjuration/Fire             3
   f - Mephitic Cloud                 Conjuration/Poison/Air       3
Comestibles
 c - 4 bread rations
 f - 5 meat rations
 g - 2 chunks of flesh


   Skills:
 - Level 2.1(1.6) Dodging
 - Level 2.0(1.4) Stealth
 * Level 4.7(4.1) Spellcasting
 + Level 4.7(4.1) Conjurations
 * Level 6.5(5.9) Fire Magic


You had 2 spell levels left.
You knew the following spells:

 Your Spells              Type           Power        Failure   Level  Hunger
a - Flame Tongue          Conj/Fire      ###..        1%          1    None
b - Conjure Flame         Conj/Fire      ###.....     5%          3    ###....
c - Sticky Flame          Conj/Fire      ###.....     19%         4    ####...
d - Fireball              Conj/Fire      ###.......   45%         5    ######.


Dungeon Overview and Level Annotations

Branches:
Dungeon (4/15)
 Temple: D:4-7

Altars:
Cheibriados


Innate Abilities, Weirdness & Mutations

You have a beak for a mouth.
You have claws for feet.
You can fly.
You evolve.


Message History

You see here a dart slug corpse.
You butcher the dart slug corpse.
g - 2 chunks of flesh You start resting.
HP restored.
There is a stone staircase leading down here.
You climb downwards.
The ogre hits you with a giant club!!
Ouch! That really hurt!
There is a stone staircase leading up, spattered with blood here.
Casting: Sticky Flame
Confirm with . or Enter, or press ? or * to list all spells.
Aiming: Sticky Flame
Press: ? - help, Shift-Dir - straight line, f - ogre
Aim: an ogre, wielding a giant club The sticky flame hits the ogre.
The ogre is lightly wounded.
The ogre is covered in liquid flames!
The ogre burns!
The ogre hits you with a giant club!!
Ouch! That really hurt!
You die...

#.......#
..#####.......#
#.........#####
#####........#
#..)#####..####
#####.#.### ##.##..
#.........##.......
#.O..........#.....
#.@........### ##.#
#######......# #.#
##########...##.## #.#
#...........###..###..
#......[###.###)..##..
#.......# #..##...##.#
#.......# ##.##.......
#.......# #......####
#.......# ####.....#


You could see an ogre (burning).

Vanquished Creatures
  Sigmund (D:2)
  A phantom (D:4)
  A centaur (D:4)
  A scorpion (D:4)
  A howler monkey (D:4)
  Crazy Yiuf (D:2)
  An orc wizard (D:4)
  A worker ant (D:4)
  4 adders
  3 oozes
  2 worms
  4 dart slugs
  3 leopard geckos
  11 orcs
  5 giant cockroaches
  4 hobgoblins
  2 jackals (D:2)
  2 quokkas (D:2)
  8 bats
  3 frilled lizards
  6 goblins
  A jackal skeleton (D:4)
  4 kobolds
  6 rats
76 creatures vanquished.

Vanquished Creatures (others)
  A bat (D:3)
  A kobold (D:3)
2 creatures vanquished.

Grand Total: 78 creatures vanquished

Notes
Turn   | Place    | Note
-------+----------+-------------------------------------------
     0 | D:1      | JeffiDaFish the Tengu Fire Elementalist began the quest for the Orb.
     0 | D:1      | Reached XP level 1. HP: 10/10 MP: 4/4
   518 | D:1      | Reached XP level 2. HP: 11/15 MP: 6/6
  1078 | D:2      | Noticed Sigmund
  1182 | D:2      | Reached XP level 3. HP: 19/19 MP: 7/7
  1190 | D:2      | Learned a level 3 spell: Conjure Flame
  1196 | D:2      | Reached skill level 4 in Fire Magic
  1840 | D:2      | Reached XP level 4. HP: 24/24 MP: 4/9
  1861 | D:2      | Learned a level 4 spell: Sticky Flame
  1900 | D:2      | Killed Sigmund
  1900 | D:2      | Reached skill level 5 in Fire Magic
  1900 | D:2      | Gained mutation: You can fly. [Tengu growth]
  1900 | D:2      | Reached XP level 5. HP: 28/28 MP: 2/11
  2216 | D:2      | Found a runed door.
  2220 | D:2      | Noticed Crazy Yiuf
  2226 | D:2      | Killed Crazy Yiuf
  2226 | D:2      | Reached XP level 6. HP: 19/32 MP: 2/12
  2515 | D:2      | Gained mutation: You evolve. [potion of mutation]
  3883 | D:4      | Learned a level 5 spell: Fireball
  3975 | D:4      | Reached skill level 6 in Fire Magic
  3975 | D:4      | Reached XP level 7. HP: 28/36 MP: 6/14
  4038 | D:4      | Found a snail-covered altar of Cheibriados.
  4517 | D:4      | Slain by an ogre

Skill      XL: |  1  2  3  4  5  6 |
---------------+-------------------+-----
Conjurations   | 2 3 4 |  4.7
Fire Magic     | 4 5 6 |  6.5
Spellcasting   | 3 4 |  4.7
Dodging        | |  2.1
Stealth        | |  2.0

Action                   |  1- 3 |  4- 6 |  7- 9 || total
-------------------------+-------+-------+-------++-------
Melee: Short sword       |    26 |    15 |       ||    41
       Kick              |     4 |     8 |     5 ||    17
       Peck              |     3 |     3 |     5 ||    11
       Falchion          |       |    24 |    25 ||    49
 Cast: Flame Tongue      |    45 |    63 |    11 ||   119
       Conjure Flame     |     1 |       |       ||     1
       Sticky Flame      |       |     2 |     3 ||     5
  Use: Scroll            |     3 |     5 |       ||     8
       Potion            |     5 |     2 |     1 ||     8
 Stab: Sleeping          |     1 |       |       ||     1
  Eat: Chunk             |     3 |     8 |     2 ||    13
Armor: Robe              |     8 |    12 |     1 ||    21
Dodge: Dodged            |    32 |    39 |    19 ||    90
       Rpst.: Falchion   |       |    10 |     5 ||    15
